 Dungeon Crawl Stone Soup version 0.29-a0-334-gb41bcbb86e (webtiles) character file.

Game seed: 16253268478289371332

234 Dauddaud the Chopper (level 5, -1/48 HPs)
             Began as a Deep Dwarf Gladiator on Apr 14, 2022.
             Was an Initiate of Ashenzari.
             Slain by an ice beast (11 damage)
             ... on level 4 of the Dungeon.
             The game lasted 00:14:33 (3102 turns).

Dauddaud the Chopper (Deep Dwarf Gladiator)         Turns: 3102, Time: 00:14:33

Health: -1/48      AC: 11    Str: 20    XL:     5   Next: 75%
Magic:  3/3        EV:  9    Int:  8    God:    Ashenzari [......]
Gold:   109        SH:  0    Dex: 14    Spells: 3/4 levels left

rFire   . . .      SeeInvis .   A - +0 broad axe
rCold   . . .      Faith    .   (no shield)
rNeg    . . .      Spirit   .   y - +1 chain mail
rPois   .          Reflect  .   x - +1 helmet of Ashenzari's Boredom {Melee, Alch} (curse)
rElec   .          Harm     .   (no cloak)
rCorr   +          Rampage  .   (no gloves)
Will    .....                   (no boots)
Stlth   ..........              (no amulet)
HPRegen 0.00/turn               i - ring of resist corrosion
MPRegen 0.08/turn               (no ring)

@: no status effects
A: damage resistance, heal wounds, sense surroundings 1, no regeneration
a: Heal Wounds, Renounce Religion, Curse Item, Shatter the Chains


You were on level 4 of the Dungeon.
You worshipped Ashenzari.
Ashenzari was noncommittal.
You visited 1 branch of the dungeon, and saw 4 of its levels.

You collected 249 gold pieces.
You spent 140 gold pieces at shops.

Inventory:

Hand Weapons
 a - a +0 war axe
 m - a +1 vampiric whip
 r - a +0 spear
 A - a +0 broad axe (weapon)
Missiles
 d - 2 throwing nets
 e - a javelin
 B - a poisoned dart (quivered)
Armour
 b - a +0 leather armour
 c - a +0 helmet
 g - a +0 scale mail
 x - the cursed +1 helmet of Ashenzari's Boredom (worn) {Melee, Alch}
   (You found it on level 3 of the Dungeon)

   It has a curse which improves the following skills: Melee Combat: Short
   Blades, Long Blades, Axes, Maces & Flails, Polearms, Staves and Unarmed
   Combat.
   Alchemy:   Poison Magic and Transmutations.
 y - a +1 chain mail (worn)
Magical Staves
 k - a staff of fire
Jewellery
 i - a ring of resist corrosion (left hand)
 z - an amulet of magic regeneration
Scrolls
 f - 3 scrolls of teleportation
 h - a scroll of fear
 j - a scroll of holy word
 n - a scroll of noise
 p - a scroll of enchant armour
 u - a scroll of immolation {unknown}
 v - a scroll of fog {unknown}
 w - a scroll of amnesia {unknown}
Potions
 l - 2 potions of degeneration
 o - a potion of berserk rage
 s - 6 potions of heal wounds
 t - 2 potions of lignification {unknown}
 C - a potion of curing {unknown}


   Skills:
 + Level 2.9 Fighting
 + Level 5.5(6.0) Axes
 + Level 2.0 Throwing
 + Level 2.1 Armour
 + Level 3.8 Dodging
 + Level 0.1 Stealth


You had 3 spell levels left.
You knew the following spells:

 Your Spells              Type           Power      Damage    Failure   Level
a - Magic Dart            Conj           0%         1d3       99%         1

Your spell library contained the following spells:

 Spells                   Type           Power      Damage    Failure   Level
 Call Imp                 Summ           0%         N/A       100%        2
 Mephitic Cloud           Conj/Pois/Air  0%         N/A       100%        3
 Tukima's Dance           Hex            0%         N/A       100%        3
 Anguish                  Hex/Necr       0%         N/A       100%        4
 Passage of Golubria      Tloc           0%         N/A       100%        4
 Yara's Violent Unravell  Hex/Tmut       0%         3d3       100%        5
 Enfeeble                 Hex            0%         N/A       100%        7


Dungeon Overview and Level Annotations

Branches:
Dungeon (4/15)
 Temple: D:4-7

Altars:
Ashenzari
Sif Muna

Shops:
D:2 !


Innate Abilities, Weirdness & Mutations

You are resistant to damage.
You can heal yourself by infusing magical energy.
You passively map a small area around you.
You do not regenerate.


Message History

The howler monkey hits you.
You hit the howler monkey.
You kill the howler monkey!
The ice beast barely misses you.
Your Armour skill increases to level 2!
You hit the ice beast but do no damage. The ice beast hits you.
The ice beast freezes you!
You hit the ice beast but do no damage. The ice beast barely misses you.
You hit the ice beast but do no damage. The ice beast closely misses you.
The ice beast hits you but does no damage.
You hit the ice beast.
The ice beast is lightly wounded.
The ice beast hits you. The ice beast freezes you!
You closely miss the ice beast.
The ice beast is lightly wounded.
The ice beast hits you but does no damage.
You slash the ice beast!
The ice beast is moderately wounded.
The ice beast hits you but does no damage.
The ice beast misses you.
You barely miss the ice beast. Your punch misses the ice beast.
The ice beast is moderately wounded.
The ice beast misses you.
You slash the ice beast!
The ice beast is severely wounded.
The ice beast hits you. The ice beast freezes you!
You slash the ice beast!
The ice beast is almost dead.
The ice beast closely misses you.
You barely miss the ice beast.
The ice beast is almost dead.
The ice beast completely misses you. The ice beast hits you.
The ice beast freezes you!
* * * LOW HITPOINT WARNING * * *
You fail to use your ability.
The ice beast hits you but does no damage.
You fail to use your ability.
The ice beast hits you.
* * * LOW HITPOINT WARNING * * *
The ice beast freezes you!
You die...

, #.##.### *
####.....^##### , * *
#.............. ,
#.##.####.##### * * * *
######.# #.# . **
,##...##.####.#
...(#####.....#......#
#...).lY..#..#..##### *
....##'##@....#..######
* . #.. ##...##.......#
, , #$..
,##.###.#####.# **
#.B.. ,#.# #.# #.# ** *
,#...} ,#.###.# #.# #
#...., #.#.#.# #.# *
##.##...,,##.##..# #.#
#... , ##...#### #.#
*.....#####.....# #.#


You could see an ice beast and an iguana.

Vanquished Creatures
  A howler monkey (D:4)
  A jelly (D:4)
  4 gnolls (D:2)
  4 adders
  An ufetubus (D:4)
  2 worms
  A dart slug (D:4)
  An orc (D:4)
  7 ball pythons
  3 bats
  5 endoplasms
  4 giant cockroaches
  5 goblins
  4 hobgoblins
  8 jackals
  6 kobolds
  2 quokkas
  2 frilled lizards
  8 rats
69 creatures vanquished.

Vanquished Creatures (collateral kills)
  A giant cockroach (D:4)
1 creature vanquished.

Grand Total: 70 creatures vanquished

Notes
Turn   | Place    | Note
-------+----------+-------------------------------------------
     0 | D:1      | Dauddaud the Deep Dwarf Gladiator began the quest for the
                  | Orb.
     0 | D:1      | Reached XP level 1. HP: 19/19 MP: 1/1
   205 | D:1      | Reached XP level 2. HP: 15/26 MP: 2/2
   628 | D:1      | Found a faded altar of an unknown god.
   645 | D:1      | Reached skill level 1 in Armour
   649 | D:1      | Prayed at the altar of an unknown god.
   649 | D:1      | Became a worshipper of Ashenzari the Shackled
  1009 | D:2      | Reached XP level 3. HP: 27/32 MP: 3/3
  1175 | D:2      | Reached skill level 4 in Axes
  1193 | D:2      | Reached XP level 4. HP: 33/39 MP: 4/4
  1391 | D:2      | Found a shimmering blue altar of Sif Muna.
  1607 | D:2      | Found Niseal's Distillery.
  1615 | D:2      | Bought a potion of heal wounds for 70 gold pieces
  1615 | D:2      | Bought a potion of heal wounds for 70 gold pieces
  2199 | D:3      | Learned a level 1 spell: Magic Dart
  2273 | D:3      | Reached skill level 5 in Axes
  2835 | D:3      | Reached XP level 5. HP: 39/46 MP: 4/4
  3068 | D:4      | Noticed an ice beast
  3102 | D:4      | Slain by an ice beast

Illustrated notes

Levels and vault maps discovered:
D:1:      roderic_octagonal_star, layout_basic,
          hellmonk_ecumenical_altar_arch_garden
D:2:      layout_basic, basic_altar, serial_shops, nicolae_shop_statue_plus,
          minmay_misc_feat_columns, minmay_misc_feat_iff, st_stairs_4
D:3:      layout_basic, minmay_cut_off
D:4:      minmay_octagon_keep, layout_loops_ring, biasface_ghost_orc_armoury

Skill      XL: |  1  2  3  4  5 |
---------------+----------------+-----
Fighting       | 2 |  2.9
Armour         | 1 2 |  2.1
Axes           | 4 5 |  5.5
Throwing       | 2 |  2.0
Dodging        | |  3.8
Stealth        | |  0.1

Action                   |  1- 3 |  4- 6 || total
-------------------------+-------+-------++-------
Melee: War axe           |    97 |    56 ||   153
       Punch             |     1 |       ||     1
       Broad axe         |       |    37 ||    37
Throw: Throwing net      |     1 |       ||     1
       Javelin           |     1 |       ||     1
       Dart              |       |     4 ||     4
Invok: Curse Item        |       |     1 ||     1
 Abil: Heal Wounds       |     5 |     3 ||     8
  Use: Scroll            |       |     9 ||     9
Armor: Scale mail        |    65 |    23 ||    88
       Chain mail        |       |    21 ||    21
Dodge: Dodged            |    92 |    57 ||   149

Table legend: (Time is in decaauts)
 A = Elapsed time spent in this place.
 B = Non-inter-level travel time spent in this place.
 C = Inter-level travel time spent in this place.
 D = Time resting spent in this place.
 E = Time spent auto-exploring this place.
 F = Levels seen in this place.
 G = Mean time per level.
                   A        B        C        D        E       F      G
               +--------+--------+--------+--------+--------+-----+--------+
         Total |   3157 |   3075 |     82 |      0 |   2346 |   4 |  789.2 |
       Dungeon |   3157 |   3075 |     82 |      0 |   2346 |   4 |  789.2 |
               +--------+--------+--------+--------+--------+-----+--------+

Top non-repeatable levels by time:
     D:2: 1118 daAuts
     D:1: 955 daAuts
     D:3: 886 daAuts
     D:4: 195 daAuts
